 Dungeon Crawl Stone Soup version 0.29.1-4-g47bece8355 (webtiles) character file.

Game seed: 7261654690334790605

5 112233 the Gusty (level 1, 0/10 HPs)
             Began as a Tengu Air Elementalist on Dec 8, 2022.
             Frozen to death by an endoplasm (3 damage)
             ... on level 1 of the Dungeon.
             The game lasted 00:01:07 (404 turns).

112233 the Gusty (Tengu Air Elementalist)            Turns: 404, Time: 00:01:09

Health: 0/10       AC:  2    Str:  8    XL:     1   Next: 80%
Magic:  3/4        EV: 13    Int: 15    God:
Gold:   20         SH:  0    Dex: 20    Spells: 3/4 levels left

rFire   . . .      SeeInvis .   (no weapon)
rCold   . . .      Faith    .   (no shield)
rNeg    . . .      Spirit   .   a - +0 robe
rPois   .          Reflect  .   (helmet restricted)
rElec   .          Harm     .   (no cloak)
rCorr   .          Rampage  .   (no gloves)
Will    .....                   (boots unavailable)
Stlth   ++........              (no amulet)
HPRegen 0.03/turn               f - +6 ring of dexterity
MPRegen 0.09/turn               (no ring)

@: no status effects
A: beak, talons 3
a: no special abilities


You were on level 1 of the Dungeon.
You visited 1 branch of the dungeon, and saw 1 of its levels.

You collected 20 gold pieces.

Inventory:

Armour
 a - a +0 robe (worn)
 h - a +0 pair of boots
Jewellery
 f - a +6 ring of dexterity (left hand)
Scrolls
 e - a scroll of fear {unknown}
Potions
 d - a potion of curing {unknown}
 g - a potion of ambrosia {unknown}


   Skills:
 - Level 2.1 Dodging
 - Level 2.0 Stealth
 - Level 2.0 Spellcasting
 - Level 1.3 Conjurations
 + Level 4.5 Air Magic


You had 3 spell levels left.
You knew the following spells:

 Your Spells              Type           Power      Damage    Failure   Level
a - Shock                 Conj/Air       40%        1d5       7%          1

Your spell library contained the following spells:

 Spells                   Type           Power      Damage    Failure   Level
 Static Discharge         Conj/Air       10%        3-5/arc   10%         2
 Swiftness                Air            15%        N/A       11%         3
 Airstrike                Air            7%         2d(2-18)  34%         4


Dungeon Overview and Level Annotations

Branches:
Dungeon (1/15)

Altars:


Innate Abilities, Weirdness & Mutations

You have a beak for a mouth.
You have claws for feet.


Message History

Aim: a dart slug (100% to hit)
The zap hits the dart slug.
The dart slug is moderately wounded.
Found 6 gold pieces.
Casting: Shock (safe; 7% risk of failure)
Confirm with . or Enter, or press ? or * to list all spells.
Aiming: Shock (safe; 7% risk of failure)
Press: ? - help, Shift-Dir - straight line, f/p - dart slug
Aim: a dart slug (moderately wounded, 100% to hit)
The zap hits the dart slug.
The dart slug is heavily wounded.
The dart slug launches a dart at you. The slug dart hits you.
Unknown command.
Casting: Shock (safe; 7% risk of failure)
Confirm with . or Enter, or press ? or * to list all spells.
Aiming: Shock (safe; 7% risk of failure)
Press: ? - help, Shift-Dir - straight line, f - endoplasm
Aim: an endoplasm (97% to hit)
The zap hits the endoplasm.
The endoplasm is heavily wounded.
Unknown command.
The endoplasm attacks as you move away! The endoplasm hits you.
The endoplasm hits you. The endoplasm attacks as you move away!
The endoplasm barely misses you.
It was a potion of cancellation.
You feel magically purged. The endoplasm freezes you.
You are frozen.
Magic courses through your body. The endoplasm hits you.
* * * LOW HITPOINT WARNING * * *
Casting: Shock (safe; 7% risk of failure)
Confirm with . or Enter, or press ? or * to list all spells.
Aiming: Shock (safe; 7% risk of failure)
Press: ? - help, Shift-Dir - straight line, f/p - endoplasm
Aim: an endoplasm (heavily wounded, 97% to hit)
The zap hits the endoplasm.
The endoplasm is severely wounded.
The endoplasm freezes you.
You are frozen.
You die...

#.#.#.#.#.#..............
#................>.#..###
..............######..#
..........#.#.# #..#
.............# #..# ##
##...[..####### #..# # ..
#......##....####..# #.
###.####......##.........##
.#.
.........wJ@........###.#
.... ........###.##.....#
#.# .#...#.#####.#
#.##.....###.#
.......#####.#
#............#
#..........###..#.....#####
#...#..w........+.....#
#... #############....##
$.#. #....# .#. ###.##


You could see a dart slug and an endoplasm.

Vanquished Creatures
  An endoplasm (D:1)
  A hobgoblin (D:1)
  A bat (D:1)
  A frilled lizard (D:1)
  A goblin (D:1)
  A rat (D:1)
6 creatures vanquished.

Notes
Turn   | Place    | Note
-------+----------+-------------------------------------------
     0 | D:1      | 112233 the Tengu Air Elementalist began the quest for the
                  | Orb.
     0 | D:1      | Reached XP level 1. HP: 10/10 MP: 4/4
   404 | D:1      | Frozen to death by an endoplasm

Illustrated notes

Levels and vault maps discovered:
D:1:      minmay_arrival_plants_in_alcoves, layout_basic,
          ebering_ecumenical_altar_rust, st_stairs_10,
          nicolae_figureground_pulse

Action                   || total
-------------------------++-------
 Cast: Shock             ||    17
  Use: Potion            ||     2
Dodge: Dodged            ||     1
